 Dungeon Crawl Stone Soup version 0.30-a0-1053-gbd8d5ba0ad (webtiles) character file.

Game seed: 16836158679987038821

12 IdlyInterested the Sneak (level 2, -1/22 HPs)
             Began as a Demonspawn Brigand on Apr 11, 2023.
             Shot with a sling bullet by a goblin (5 damage)
             ... on level 1 of the Dungeon.
             The game lasted 00:01:03 (135 turns).

IdlyInterested the Sneak (Demonspawn Brigand)        Turns: 135, Time: 00:01:03

Health: -1/22      AC:  3    Str: 11    XL:     2   Next: 20%
Magic:  2/2        EV: 11    Int: 12    God:
Gold:   10         SH:  0    Dex: 14    Spells: 1/1 levels left

rFire   . . .      SeeInvis .    a - +2 dagger
rCold   . . .      Faith    .    (no shield)
rNeg    . . .      Spirit   .    b - +0 robe
rPois   .          Reflect  .    (no helmet)
rElec   .          Rampage  .    c - +0 cloak
rCorr   .                        (no gloves)
Will    .....                    (no boots)
Stlth   ++                       (no amulet)
HPRegen 0.23/turn                (no ring)
MPRegen 0.08/turn                (no ring)

@: no status effects
A: spiny 1
a: no special abilities


You were on level 1 of the Dungeon.
You visited 1 branch of the dungeon, and saw 1 of its levels.

You collected 10 gold pieces.

Inventory:

Hand Weapons
 a - a +2 dagger (weapon)
 f - a +0 rapier
Missiles
 d - 9 poisoned darts (quivered)
 e - 3 curare-tipped darts
 g - 2 stones
Armour
 b - a +0 robe (worn)
 c - a +0 cloak (worn)


   Skills:
 - Level 2.0 Fighting
 * Level 2.1 Short Blades
 - Level 1.7 Throwing
 * Level 0.8 Armour
 - Level 1.0 Dodging
 + Level 3.7 Stealth


You had one spell level left.
You didn't know any spells.
Your spell library was empty.

Dungeon Overview and Level Annotations

Branches:
Dungeon (1/15)

Altars:


Innate Abilities, Weirdness & Mutations

You are partially covered in sharp spines.


Message History

You have reached level 2!
Your demonic ancestry asserts itself...
Sharp spines emerge from parts of your body.
You hit the jackal but do no damage. The jackal misses you.
The jackal is struck by your spines.
You kill the jackal!
You hit the jackal but do no damage.
The jackal stops to sniff the ground.
The jackal is struck by your spines. The jackal completely misses you.
An endoplasm comes into view.
You closely miss the jackal.
The jackal is moderately wounded.
The jackal is struck by your spines. The jackal barely misses you.
The endoplasm quivers.
You hit the jackal.
The jackal is severely wounded.
The jackal closely misses you. The jackal is struck by your spines.
You kill the jackal!
You see here a jackal corpse.
You see here a +0 dagger.
Found a stone staircase leading down.
The endoplasm freezes you.
You are frozen.
* * * LOW HITPOINT WARNING * * *
You hit the endoplasm.
You kill the endoplasm!
You start resting.
A goblin comes into view. It is wielding a +0 sling.
The goblin shouts!
The goblin shoots a sling bullet.
The sling bullet closely misses you.
The goblin shoots a sling bullet.
The sling bullet barely misses you.
A goblin comes into view. It is wielding a +0 dagger.
A kobold comes into view. It is wielding a +3 whip.
The goblin shoots a sling bullet.
The sling bullet barely misses you.
The kobold shouts!
You see here a bubbling inky potion.
The goblin shoots a sling bullet.
The sling bullet hits you.
* * * LOW HITPOINT WARNING * * *
The goblin shoots a sling bullet.
The sling bullet hits you.
You die...

.......# #.##
.......####†########
.......##..)......[#
.......##..........#
.<.....##..........###
.......#.............#
########.###..!......#
... #.........# #..#
#....@....#
...........?.....# .>.
.....:.g.....#
..>gK.........#
.......?......#
..............#
....##.....### ...
#.....#


You could see 2 goblins and a kobold.

Vanquished Creatures
  A dart slug (D:1)
  A bat (D:1)
  An endoplasm (D:1)
  A goblin (D:1)
  4 jackals (D:1)
8 creatures vanquished.

Notes
Turn   | Place    | Note
-------+----------+-------------------------------------------
     0 | D:1      | IdlyInterested the Demonspawn Brigand began the quest for
                  | the Orb.
     0 | D:1      | Reached XP level 1. HP: 16/16 MP: 1/1
    49 | D:1      | Reached skill level 1 in Dodging
   101 | D:1      | Gained mutation: You are partially covered in sharp spines.
                  | [demonic ancestry]
   101 | D:1      | Reached XP level 2. HP: 6/22 MP: 2/2
   135 | D:1      | Shot with a sling bullet by a goblin

Illustrated notes

Levels and vault maps discovered:
D:1:      lightli_arrival_quake, layout_basic

Skill      XL: |  1 |
---------------+----+-----
Dodging        | 1 |  1.0
Short Blades   | 2 |  2.1
Fighting       | |  2.0
Throwing       | |  1.7
Armour         | |  0.8
Stealth        | |  3.7

Action                     || total
---------------------------++-------
  Melee: Dagger            ||    26
 Armour: Robe              ||     7
  Dodge: Dodged            ||    26

Table legend: (Time is in decaauts)
 A = Elapsed time spent in this place.
 B = Non-inter-level travel time spent in this place.
 C = Inter-level travel time spent in this place.
 D = Time resting spent in this place.
 E = Time spent auto-exploring this place.
 F = Levels seen in this place.
 G = Mean time per level.
                   A        B        C        D        E       F      G
               +--------+--------+--------+--------+--------+-----+--------+
         Total |    132 |    132 |      0 |     22 |     43 |   1 |  132.0 |
       Dungeon |    132 |    132 |      0 |     22 |     43 |   1 |  132.0 |
               +--------+--------+--------+--------+--------+-----+--------+

Top non-repeatable levels by time:
     D:1: 132 daAuts
